 Dungeon Crawl Stone Soup version 0.31-a0-355-g57cb03d3e8 (webtiles) character file.

Game seed: 5382064280045798782

22034 bobarctor the Brawler (level 12, -7/166 HPs)
             Began as a Troll Berserker on July 24, 2023.
             Was an Elder of Trog.
             Mangled by a meliai
             ... wielding a +0 hand axe
              (15 damage)
             ... on level 13 of the Dungeon.
             The game lasted 00:48:46 (12430 turns).

bobarctor the Brawler (Troll Berserker)            Turns: 12430, Time: 00:48:47

Health: -7/166     AC:  6    Str: 34    XL:     12   Next: 59%
Magic:  11/11      EV: 14    Int:  3    God:    Trog [****..]
Gold:   569        SH:  0    Dex: 17    Spells: 11/11 levels left

rFire   . .          .
                       - Unarmed
rCold   . . .        (no shield)
rNeg    . . .        O - +0 troll leather armour
rPois   .            M - melded +1 hat {Will+}
rElec   .            (cloak currently unavailable)
rCorr   +            (gloves unavailable)
SInv    .            (boots unavailable)
Will    .....        C - amulet of regeneration Stlth
                     P - +6 ring of strength
HPRegen 2.87/turn    U - ring of the Duke {rCorr Dex+4}
MPRegen 0.12/turn

%: no passive effects
@: berserking (expiring), lethally poisoned (-7 -> -13), beast-form, studying
Dodging, very quick
A: beast (slay +6), large, unfitting armour, claws 3, regeneration 1, shaggy fur
1, tough skin 1
a: Begin Untransformation, Renounce Religion, Berserk, Trog's Hand, Brothers in
Arms


You were on level 13 of the Dungeon.
You worshipped Trog.
Trog was greatly pleased with you.
You were a hulking beast.
You visited 2 branches of the dungeon, and saw 14 of its levels.
You also visited: Bailey.

You collected 1304 gold pieces.
You spent 735 gold pieces at shops.

Inventory:

Missiles
 h - 73 stones
 j - 8 javelins
 l - 9 large rocks (quivered)
 y - 4 throwing nets
 A - 14 boomerangs
 H - 6 datura-tipped darts
 J - 13 poisoned darts
Armour
 m - a +1 robe of resistance
 x - +0 steam dragon scales
 K - +0 fire dragon scales
 M - a +1 hat of willpower (melded)
 O - a +0 troll leather armour (worn)
Jewellery
 e - a ring of magical power
 q - an amulet of the acrobat
 r - a ring of protection from fire
 C - an amulet of regeneration (around neck)
 G - a ring of resist corrosion
 P - a +6 ring of strength (left claw)
 R - a ring of protection from cold
 S - an amulet of reflection
 U - the ring of the Duke (right claw) {rCorr Dex+4}
   (You bought it in a shop on level 8 of the Dungeon)

   [ring of resist corrosion]

   Dex:       It affects your dexterity (+4).
   rCorr:     It protects you from acid and corrosion.
 V - a ring of see invisible
Talismans
 B - a beast talisman
Wands
 i - a wand of flame (36)
 o - a wand of paralysis (21)
 w - a wand of acid (6)
 E - a wand of digging (13)
 I - a wand of polymorph (6)
Scrolls
 a - a scroll of fear
 c - 2 scrolls of fog
 g - 2 scrolls of teleportation
 p - a scroll of amnesia {unknown}
 v - a scroll of poison
 D - a scroll of immolation
 L - 2 scrolls of identify
 N - a scroll of enchant armour {unknown}
 Q - a scroll of butterflies {unknown}
 T - 2 scrolls of revelation {unknown}
Potions
 b - 6 potions of enlightenment
 d - 3 potions of degeneration
 f - 2 potions of heal wounds
 k - a potion of resistance
 n - 2 potions of might
 s - 3 potions of curing
 t - 2 potions of attraction
 u - 3 potions of invisibility
 z - 3 potions of brilliance
 F - 2 potions of magic


   Skills:
 + Level 5.4 Fighting
 + Level 1.6 Throwing
 + Level 8.5 Dodging
 + Level 15.7 Unarmed Combat
 * Level 8.7 Shapeshifting


You had 11 spell levels left.
You didn't know any spells.
Your spell library was empty.

Dungeon Overview and Level Annotations

Branches:
Dungeon (13/15)            Temple (1/1) D:4            Lair (0/5) D:10
    Orc (0/2) D:11         Bailey (visited)
 Vaults: D:13-14

Altars:
Ashenzari
Cheibriados
Dithmenos
Elyvilon
Fedhas
Gozag
Hepliaklqana
Kikubaaqudgha
Makhleb
Nemelex Xobeh
Okawaru
Qazlal
Ru
Sif Muna
Trog
Uskayaw
Vehumet
Wu Jian
Xom
Yredelemnul
Zin
The Shining One

Shops:
D:8 =   D:13 =

Portals:
Abyss: D:6


Innate Abilities, Weirdness & Mutations

You are a hulking beast.
Your limbs bulge with bestial killing power. (Slay +6)
You are too large for most types of armour.
You have claws for hands.
Your natural rate of healing is unusually fast.
You are covered in fur. (AC +1)
You have tough skin. (AC +1)


Message History

You feel yourself moving faster!
You feel mighty! The meliai hits you with a +0 hand axe!
The meliai closely misses you.
The meliai hits you with a +0 hand axe!!
The meliai barely misses you.
You hear an angry buzzing noise.
The meliai barely misses you. The meliai stings you.
You are poisoned.
The meliai poisons you!
You hear an angry buzzing noise. x2
You miss the meliai.
You feel sick.
You hear an angry buzzing noise.
The meliai hits you with a +0 hand axe!!
The meliai stings you! The queen bee completely misses you.
You barely miss the meliai.
You feel sick. The meliai hits you with a +0 hand axe! The meliai stings you!
The meliai misses you. The meliai barely misses you.
You hear an angry buzzing noise.
You closely miss the meliai.
You feel sick.
You hear an angry buzzing noise.
The meliai hits you with a +0 hand axe!
* * * LOW HITPOINT WARNING * * *
The meliai stings you.
* * * LOW HITPOINT WARNING * * *
The queen bee stings you!
* * * LOW HITPOINT WARNING * * *
You are more poisoned.
The queen bee poisons you!
You hear an angry buzzing noise. x2
You feel very sick.
You hear an angry buzzing noise.
The meliai hits you with a +0 hand axe.
* * * LOW HITPOINT WARNING * * *
The meliai closely misses you.
You feel a strong urge to attack something.
You feel very sick. The meliai hits you with a +0 hand axe.
* * * LOW HITPOINT WARNING * * *
The meliai misses you. The meliai attacks as you move away!
The meliai hits you with a +0 hand axe!
You die...

#..# #......#..
#..##.#..##.... ...##..
#########.##.##.......
#....#### #.#..##.####..
#.......# ##...#..## ..
#..<†y.# #........#
#......yyy. #........#
......(...#yy #.......#..#
####.....(.########.........##
#....##(...#h....#....>..#
#.........†y......#...#..#
.............#.......###...
.........#.............. ...
<..............#.....
.....................
...........#....##...
...................#.
##........##.....


You could see a meliai (berserk).

Vanquished Creatures
  A two-headed ogre (D:9)
  A boulder beetle (D:11)
  Amaemon (D:10)
  3 ugly things
  A cyclops (D:11)
  A manticore (D:11)
  The ghost of wormstring the Martial Artist, a novice OpSh of Gozag (D:6)
  A toenail golem (D:6)
  Joseph (D:10)
  4 gargoyles
  The ghost of epsilonplus the Ruffian, a novice DrSh (D:5)
  An orange demon (D:10)
  Psyche (D:8)
  2 komodo dragons (D:12)
  3 trolls
  2 meliai
  3 hornets (D:9)
  2 shadows (D:11)
  23 yaks
  4 wyverns (D:10)
  A yak (shapeshifter) (D:6)
  2 basilisks (D:10)
  2 wraiths
  5 steam dragons
  4 vampire mosquitoes (D:10)
  An acid dragon (D:11)
  5 water moccasins
  14 orc warriors
  A sky beast (D:6)
  2 black bears
  An ogre (D:4)
  8 centaurs
  A phantom (D:11)
  2 kobold brigands
  A small abomination (D:6)
  4 bullfrogs
  A gnoll sergeant (D:9)
  4 scorpions
  7 wights
  18 killer bees
  4 howler monkeys
  A crimson imp (D:6)
  3 hounds
  2 orc priests
  2 gnoll boudas (D:7)
  A sleepcap (D:7)
  2 iguanas
  8 orc wizards
  5 ogre zombies (D:11)
  17 gnolls
  7 adders
  2 white imps
  2 dart slugs
  41 orcs
  4 ball pythons
  3 bat zombies (D:3)
  9 endoplasms
  2 giant cockroaches
  9 goblins
  8 hobgoblins
  9 jackals
  21 kobolds
  4 quokkas
  5 bats
  3 frilled lizards
  A goblin zombie (D:11)
  A hobgoblin skeleton (D:11)
  A hobgoblin zombie (D:11)
  2 orc skeletons (D:11)
  14 orc zombies (D:11)
  4 rats
  3 rat zombies (D:3)
341 creatures vanquished.

Vanquished Creatures (collateral kills)
  Gastronok (D:9)
  An orc (D:10)
2 creatures vanquished.

Vanquished Creatures (others)
  A giant cockroach (D:4)
1 creature vanquished.

Grand Total: 344 creatures vanquished

Notes
Turn   | Place    | Note
-------+----------+-------------------------------------------
     0 | D:1      | bobarctor the Troll Berserker began the quest for the Orb.
     0 | D:1      | Reached XP level 1. HP: 22/22 MP: 0/0
   212 | D:1      | Reached XP level 2. HP: 29/29 MP: 1/1
   791 | D:2      | Reached XP level 3. HP: 34/36 MP: 2/2
  1000 | D:2      | Reached ** piety under Trog
  1775 | D:3      | Found a faded altar of an unknown god.
  1828 | D:3      | Reached skill level 4 in Unarmed Combat
  1833 | D:3      | Reached XP level 4. HP: 34/44 MP: 3/3
  2027 | D:3      | Found an ancient bone altar of Kikubaaqudgha.
  2165 | D:3      | Reached XP level 5. HP: 52/52 MP: 4/4
  2566 | D:4      | Noticed a water moccasin
  2581 | D:4      | Killed a water moccasin
  2582 | D:4      | Reached skill level 5 in Unarmed Combat
  2587 | D:4      | Noticed an ogre
  2631 | D:4      | Killed an ogre
  2632 | D:4      | Reached XP level 6. HP: 61/61 MP: 5/5
  2683 | D:4      | Reached skill level 6 in Unarmed Combat
  2714 | D:4      | Noticed a steam dragon
  2721 | D:4      | Killed a steam dragon
  2760 | D:4      | Found a staircase to the Ecumenical Temple.
  2771 | D:4      | Reached XP level 7. HP: 66/67 MP: 6/6
  2778 | Temple   | Entered the Ecumenical Temple
  2810 | D:4      | Reached *** piety under Trog
  2856 | D:4      | Reached skill level 7 in Unarmed Combat
  3093 | D:5      | Entered Level 5 of the Dungeon
  3251 | D:5      | Found a runed translucent gate.
  3253 | D:5      | Found a runed translucent gate.
  3254 | D:5      | Found a runed translucent gate.
  3255 | D:5      | Noticed epsilonplus's ghost (novice DrSh)
  4160 | D:6      | Found a stormy altar of Qazlal.
  4172 | D:6      | Reached skill level 8 in Unarmed Combat
  4172 | D:6      | Reached XP level 8. HP: 71/75 MP: 7/7
  4292 | D:6      | Noticed a queen bee
  4310 | D:6      | Found a one-way gate to the infinite horrors of the Abyss.
  4310 | D:6      | Noticed wormstring's ghost (novice OpSh)
  4311 | D:6      | Found a transporter.
  4315 | D:6      | Noticed a toenail golem
  4332 | D:6      | Found an opulent altar of Gozag.
  4409 | D:6      | Reached skill level 1 in Shapeshifting
  4592 | D:6      | Found a transporter.
  4598 | D:6      | Noticed a rime drake
  4600 | D:6      | a rime drake changed into a yak
  4616 | D:6      | Killed wormstring's ghost
  4617 | D:6      | Reached skill level 9 in Unarmed Combat
  4670 | D:6      | Killed a toenail golem
  4671 | D:6      | Reached skill level 5 in Dodging
  4671 | D:6      | Reached XP level 9. HP: 84/84 MP: 8/8
  4786 | D:6      | Found a blossoming altar of Fedhas.
  4864 | D:7      | Reached skill level 10 in Unarmed Combat
  5389 | D:6      | Reached skill level 11 in Unarmed Combat
  5748 | D:7      | Reached XP level 10. HP: 87/93 MP: 9/9
  6091 | D:7      | Found a glowing golden altar of the Shining One.
  6243 | D:8      | Noticed Psyche
  6259 | D:8      | Killed Psyche
  6260 | D:8      | Reached skill level 5 in Shapeshifting
  6261 | D:8      | Identified a scroll of acquirement
  6261 | D:8      | Acquired a manual of Dodging
  6284 | D:8      | Reached **** piety under Trog
  6326 | D:8      | Found Maubleycw's Jewellery Boutique.
  6656 | D:8      | Found a flagged portal.
  6665 | Bailey   | Entered a bailey
  7480 | D:8      | Reached skill level 12 in Unarmed Combat
  7973 | D:9      | Paralysed by a hornet for 2 turns
  8041 | D:9      | Noticed Gastronok
  8066 | D:9      | Killed Gastronok
  8067 | D:9      | Reached XP level 11. HP: 101/101 MP: 10/10
  8421 | D:10     | Entered Level 10 of the Dungeon
  8489 | D:9      | Found a snail-covered altar of Cheibriados.
  8489 | D:9      | Found a basalt altar of Yredelemnul.
  8489 | D:9      | Found a shimmering altar of Xom.
  8540 | D:9      | Noticed a two-headed ogre
  8544 | D:9      | Killed a two-headed ogre
  8545 | D:9      | Reached skill level 13 in Unarmed Combat
  8972 | D:10     | Reached skill level 5 in Fighting
  8980 | D:10     | Found a staircase to the Lair.
  9165 | D:10     | Noticed Amaemon
  9189 | D:10     | Killed Amaemon
  9190 | D:10     | Reached skill level 14 in Unarmed Combat
  9377 | D:10     | Noticed Joseph
  9402 | D:10     | Killed Joseph
  9973 | D:11     | Found an iron altar of Okawaru.
 10046 | D:11     | Noticed a red ugly thing
 10052 | D:11     | Killed a red ugly thing
 10438 | D:11     | Noticed a boulder beetle
 10448 | D:11     | Killed a boulder beetle
 10449 | D:11     | Reached XP level 12. HP: 108/111 MP: 11/11
 10677 | D:11     | Found a staircase to the Orcish Mines.
 10811 | D:11     | Reached skill level 1 in Throwing
 11046 | D:12     | Reached skill level 15 in Unarmed Combat
 11364 | D:12     | Found a sparkling altar of Nemelex Xobeh.
 11823 | D:5      | Killed epsilonplus's ghost
 12022 | D:8      | Bought the ring of the Duke {rCorr Dex+4} for 495 gold
                  | pieces
 12353 | D:13     | Found Huczaag's Jewellery Emporium.
 12365 | D:13     | Bought a ring of see invisible for 240 gold pieces
 12429 | D:13     | HP: 8/166 [meliai/+0 hand axe (6)]
 12430 | D:13     | Mangled by a meliai

Illustrated notes

Levels and vault maps discovered:
D:1:      amcnicky_arrival_gap_in_the_tavern_cellar, layout_basic
D:2:      layout_basic, st_stairs_7
D:3:      layout_basic, lemuel_zombie_altar_kikubaaqudgha,
          shapermc_ecumenical_altar_gd
D:4:      layout_rooms, minmay_temple_entry_junction
D:5:      layout_basic, ebering_ghost_rock_garden
D:6:      layout_cave_pools, kennysheep_mini, nicolae_qazlal_beasts_of_the_sky,
          mainiacjoe_overflow_catwalk, gammafunk_ghost_abyssal_escape
D:7:      layout_cave_pods, mainiacjoe_overflow_paths, corexii_corridor_pit
D:8:      layout_loops_cross, serial_shops, shop, enter_bailey_3, uniq_psyche
D:9:      layout_cave_pods, gammafunk_temple_overflow_claw, uniq_gastronok
D:10:     layout_long_grid, minmay_lair_entry_grove, minmay_misc_feat_room,
          uniq_amaemon, uniq_joseph
D:11:     layout_loops_corners, zombieorc1_lemuel, okawaru_gym_becter
D:12:     layout_roguey, nemelex_lonely_heart_becter
D:13:     layout_layer_cave, special_room [special_room_bee], serial_shops,
          nicolae_shop_tiny_waterfront
Temple:   eino_temple_lava

Skill      XL: |  1  2  3  4  5  6  7  8  9 10 11 12 |
---------------+-------------------------------------+-----
Unarmed Combat | 4 5 6 8 9 11 12 14 15 | 15.7
Dodging        | 3 4 5 7 8 |  8.5
Fighting       | 3 4 5 |  5.4
Shapeshifting  | 2 4 6 7 8 |  8.7
Throwing       | 1 |  1.6

Action                     |  1- 3 |  4- 6 |  7- 9 | 10-12 || total
---------------------------+-------+-------+-------+-------++-------
  Melee: Unarmed           |   111 |   102 |   184 |   494 ||   891
         Punch             |     2 |     1 |    13 |    30 ||    46
  Throw: Large rock        |       |       |     1 |    13 ||    14
         Boomerang         |       |       |       |     5 ||     5
 Invoke: Trog's Hand       |       |     1 |     4 |    11 ||    16
         Berserk           |       |       |     5 |    15 ||    20
         Brothers in Arms  |       |       |       |     3 ||     3
    Use: Scroll            |       |       |       |    19 ||    19
         Potion            |       |       |       |     1 ||     1
   Stab: Sleeping          |     1 |       |       |       ||     1
 Armour: Animal skin       |    40 |    21 |       |       ||    61
         Steam dragon scal |       |     1 |    38 |     7 ||    46
         Robe              |       |       |       |    46 ||    46
         Troll leather arm |       |       |       |    48 ||    48
  Dodge: Dodged            |    60 |    59 |    99 |   315 ||   533
   Form: Beast             |       |       |     1 |     1 ||     2
                           |       |       |       |     1 ||     1

Table legend: (Time is in decaauts)
 A = Elapsed time spent in this place.
 B = Non-inter-level travel time spent in this place.
 C = Inter-level travel time spent in this place.
 D = Time resting spent in this place.
 E = Time spent auto-exploring this place.
 F = Levels seen in this place.
 G = Mean time per level.
                   A        B        C        D        E       F      G
               +--------+--------+--------+--------+--------+-----+--------+
         Total |  12485 |  11752 |    733 |   1376 |   7775 |  15 |  832.3 |
       Dungeon |  11702 |  10969 |    733 |   1175 |   7546 |  13 |  900.2 |
        Temple |      4 |      4 |      0 |      0 |      0 |   1 |    4.0 |
        Bailey |    778 |    778 |      0 |    201 |    229 |   1 |  778.0 |
               +--------+--------+--------+--------+--------+-----+--------+

Top non-repeatable levels by time:
     D:7: 1191 daAuts
     D:5: 1178 daAuts
    D:10: 1170 daAuts
    D:11: 1051 daAuts
     D:9: 1048 daAuts
     D:2: 1010 daAuts
     D:6: 987 daAuts
     D:8: 910 daAuts
    D:12: 839 daAuts
     D:3: 835 daAuts
  Bailey: 778 daAuts
     D:1: 745 daAuts
     D:4: 549 daAuts
    D:13: 183 daAuts
  Temple: 4 daAuts
